 Dungeon Crawl Stone Soup version 0.31-a0-977-gc230f8ef24 (webtiles) character file.

Game seed: 7330942139246651967

256 Dirtsage the Slasher (level 5, 29/41 HPs)
             Began as a Demonspawn Fighter on Oct 28, 2023.
             Quit the game on level 4 of the Dungeon on Oct 29, 2023.
             The game lasted 00:05:05 (2403 turns).

Dirtsage the Slasher (Demonspawn Fighter)           Turns: 2403, Time: 00:05:06

Health: 29/41      AC:  6    Str: 17    XL:     5   Next: 92%
Magic:  5/5        EV:  9    Int:  9    God:
Gold:   140        SH:  4    Dex: 14    Spells: 4/4 levels left

rFire   . . .        a - +0 long sword
rCold   . . .        c - +0 buckler
rNeg    . . .        b - +0 scale mail
rPois   .            (helmet restricted)
rElec   .            (no cloak)
rCorr   .            (no gloves)
SInv    .            (no boots)
Will    .....        (no amulet) Stlth
                     (no ring)
HPRegen 0.26/turn    (no ring)
MPRegen 0.09/turn

%: no passive effects
@: no status effects
A: horns 1, demonic magic 1
a: no special abilities


You were on level 4 of the Dungeon.
You visited 1 branch of the dungeon, and saw 4 of its levels.

You collected 140 gold pieces.

Inventory:

Hand Weapons
 a - a +0 long sword (weapon)
Armour
 b - a +0 scale mail (worn)
 c - a +0 buckler (worn)
Jewellery
 q - a ring of flight
 r - an amulet of regeneration
Wands
 o - a wand of polymorph (5)
Scrolls
 e - 6 scrolls of identify {unknown}
 g - a scroll of summoning {unknown}
 i - a scroll of fear {unknown}
 m - 2 scrolls of teleportation {unknown}
 n - a scroll of enchant weapon {unknown}
 t - a scroll of vulnerability {unknown}
Potions
 d - a potion of might
 f - a potion of attraction {unknown}
 h - 3 potions of heal wounds {unknown}
 j - a potion of enlightenment {unknown}
 k - 4 potions of curing {unknown}
 l - a potion of lignification {unknown}
 p - 4 potions of brilliance {unknown}
 s - a potion of mutation {unknown}
 u - a potion of haste {unknown}


   Skills:
 - Level 3.0 Fighting
 + Level 5.7 Long Blades
 - Level 2.6 Armour
 - Level 2.6 Shields


You had 4 spell levels left.
You didn't know any spells.
Your spell library was empty.

Dungeon Overview and Level Annotations

Branches:
Dungeon (4/15)
 Temple: D:4-7

Altars:
Qazlal


Innate Abilities, Weirdness & Mutations

You have a pair of small horns on your head.
Spells you cast may paralyse adjacent enemies.


Message History

The orc priest is severely wounded.
The orc priest hits you but does no damage.
You barely miss the orc priest.
The orc priest is severely wounded.
The orc priest hits you but does no damage.
You hit the orc priest.
The orc priest is severely wounded.
You block the orc priest's attack.
You slash the orc priest!
You kill the orc priest!
Items here: )) [[ †.
You see here a +2 heavy trident.
Found a stone staircase leading up.
An orc comes into view. It is wielding a +0 hand axe.
The orc shouts!
You hear a shout!
An orc comes into view. It is wielding a +0 whip.
An orc wizard comes into view. It is wielding a +0 dagger.
The orc wizard shouts!
You hear a shout!
The orc wizard mumbles some strange words.
The orc wizard flickers and vanishes!
Deactivating autopickup; reactivate with Ctrl-A.
You barely miss the orc. The orc hits you but does no damage.
An orc comes into view. It is wielding a +0 short sword.
You slash the orc!
You kill the orc!
You hit the orc.
The orc is moderately wounded.
An orc comes into view. It is wielding a +0 club.
The orc hits you with a +0 whip.
You take 2 damage, and have 28/41 hp.
You hit the orc but do no damage.
The orc is moderately wounded.
The orc hits you but does no damage. The orc barely misses you.
You hit the orc but do no damage. Your headbutt misses the orc.
The orc is moderately wounded.
You block the orc's attack.
You hit the orc. You headbutt the orc.
The orc is heavily wounded.
You block the orc's attack.
Are you sure you want to abandon this character and quit the game? (Confirm with "yes".)

### #### #.#
##..... #.#
.......
#.##........
##.#.........
#..#..........
##..............
#@...#..........
#o.#.....<......
...o###...........
oo{..#
#...........
.......
##..........
.......
#..........
....... ##.......#
###..####
#......##
##..########


You could see 2 orcs.

Vanquished Creatures
  A phantom (D:3)
  An orc priest (D:4)
  An orc wizard (D:3)
  4 gnolls
  An adder (D:3)
  4 dart slugs
  5 orcs
  6 ball pythons
  3 endoplasms
  4 giant cockroaches
  6 goblins
  4 hobgoblins
  3 jackals (D:2)
  4 quokkas
  3 bats
  2 frilled lizards
  8 kobolds
  5 rats
65 creatures vanquished.

Notes
Turn   | Place    | Note
-------+----------+-------------------------------------------
     0 | D:1      | Dirtsage the Demonspawn Fighter began the quest for the
                  | Orb.
     0 | D:1      | Reached XP level 1. HP: 18/18 MP: 1/1
    16 | D:1      | Reached skill level 2 in Long Blades
   154 | D:1      | Gained mutation: You have a pair of small horns on your
                  | head. [demonic ancestry]
   154 | D:1      | Reached XP level 2. HP: 23/24 MP: 2/2
   404 | D:1      | Reached skill level 3 in Long Blades
   404 | D:1      | Reached XP level 3. HP: 25/29 MP: 3/3
   789 | D:2      | Found a faded altar of an unknown god.
  1228 | D:3      | Reached skill level 4 in Long Blades
  1228 | D:3      | Reached XP level 4. HP: 29/35 MP: 4/4
  1405 | D:3      | Noticed a phantom
  1421 | D:3      | Killed a phantom
  1422 | D:3      | Reached skill level 5 in Long Blades
  1422 | D:3      | Gained mutation: Spells you cast may paralyse adjacent
                  | enemies. [demonic ancestry]
  1422 | D:3      | Reached XP level 5. HP: 41/41 MP: 5/5
  1602 | D:3      | Upgraded the game from 0.31-a0-971-g75a2e9a4b4 to
                  | 0.31-a0-977-gc230f8ef24
  1751 | D:3      | Found a stormy altar of Qazlal.
  2403 | D:4      | Quit the game

Illustrated notes

Levels and vault maps discovered:
D:1:      saegor_arrival_simple_d, layout_loops_ring
D:2:      layout_basic, chequers_ecumenical_altar_island, palyth_stone_intersect
D:3:      corexii_shack_village, layout_loops_ring,
          nicolae_qazlal_eye_of_the_storm
D:4:      layout_cave_pods, nicolae_overflow_hidden_temple, serial_shops, shop,
          cheibrodos_sewer_entry_drain, minmay_misc_feat_pillars

Skill      XL: |  1  2  3  4 |
---------------+-------------+-----
Long Blades    | 2 3 4 5 |  5.7
Fighting       | |  3.0
Armour         | |  2.6
Shields        | |  2.6

Action                     |  1- 3 |  4- 6 || total
---------------------------+-------+-------++-------
  Melee: Long sword        |    89 |   105 ||   194
         Headbutt          |     8 |    18 ||    26
 Armour: Scale mail        |    71 |    75 ||   146
  Dodge: Dodged            |    37 |    34 ||    71
  Block: Buckler           |    26 |    20 ||    46

Table legend: (Time is in decaauts)
 A = Elapsed time spent in this place.
 B = Non-inter-level travel time spent in this place.
 C = Inter-level travel time spent in this place.
 D = Time resting spent in this place.
 E = Time spent auto-exploring this place.
 F = Levels seen in this place.
 G = Mean time per level.
                   A        B        C        D        E       F      G
               +--------+--------+--------+--------+--------+-----+--------+
         Total |   2453 |   2409 |     44 |      0 |   1926 |   4 |  613.2 |
       Dungeon |   2453 |   2409 |     44 |      0 |   1926 |   4 |  613.2 |
               +--------+--------+--------+--------+--------+-----+--------+

Top non-repeatable levels by time:
     D:3: 1082 daAuts
     D:1: 709 daAuts
     D:2: 516 daAuts
     D:4: 145 daAuts
